AoeStats
← Genghis_AoE

Arabian Desert

509091738Analyzed
1v1 RM · 7d ago on Sep 25, 2026· 51m 3s· 2 players
Game mode
Random Map
Map size
Tiny (2 player)
Population
200
Speed
Normal
Resources
Standard
Victory
Conquest
Starting age
Dark Age
Ending age
Imperial Age
RankedLock teamsTeams togetherTeam positionsShared explorationLock speedFull tech treeHidden civsTurbo modeCheats
Victory
Defeat
🇸🇰 Khmer · Slovakia
1429
+15
🇹🇷 Saxons · Türkiye
1412
-15
Mtk
7:20 Loom
9:42 Feudal Age
10:34 Double-Bit Axe
11:17 Horse Collar
21:06 Castle Age
20:59 Scale Mail Armor
21:14 Pikeman
22:15 Bow Saw
22:42 Squires
31:27 Arson
48:14 Chain Mail Armor
50:20 Wheelbarrow
49:35 Town Watch
Genghis_AoE
5:19 Loom
8:18 Feudal Age
9:36 Double-Bit Axe
10:22 Horse Collar
16:57 Forging
19:54 Castle Age
18:29 Scale Barding Armor
19:20 Bloodlines
19:04 Gold Mining
19:59 Light Cavalry
21:52 Iron Casting
31:17 Town Watch
38:15 Fletching
38:43 Stone Mining
40:43 Heavy Plow
40:55 Bow Saw
41:49 Wheelbarrow
45:15 Imperial Age
42:58 Husbandry
44:01 Chain Barding Armor
45:52 Cavalier
48:28 Blast Furnace
48:07 Plate Barding Armor
49:10 Hussar
50:57 Blast Furnace
50:31 Capped Ram
Connection lost

Rejoining the realm…

Still unreachable

The connection could not be restored.

Session expired

The server has moved on; the page needs a fresh start.